ORI
UNIVERSITY OF OKLAHOMA SOONERS @ FLORIDA STATE UNIVERSITY SEMINOLES
09/27/2048
 
TOP OF THE 1ST
University of Oklahoma Sooners batting - Pitching for Florida State University Seminoles : RHP Danny Sabido
Pitching: RHP Danny Sabido
Batting: LHB Alex Benabides 0-0: Ball
1-0: Ground out 1-3 (Groundball, P, EV 68.1 MPH)
Batting: RHB Jesus Montoya 0-0: Ball
1-0: Ground out 6-3 (Groundball, 56D, EV 91.2 MPH)
Batting: LHB Cameron Marinelli 0-0: Ground out 5-3 (Groundball, 56, EV 78.8 MPH)
Top of the 1st over - 0 runs, 0 hits, 0 errors, 0 left on base; University of Oklahoma 0 - Florida State University 0
BOTTOM OF THE 1ST
Florida State University Seminoles batting - Pitching for University of Oklahoma Sooners : RHP Elliot Bolitho
Pitching: RHP Elliot Bolitho
Batting: RHB Larry Berge 0-0: Called Strike
0-1: SINGLE (Line Drive, 56, EV 104.4 MPH)
Batting: RHB Ray Johnson 0-0: Called Strike
Larry Berge steals 2nd base
0-1: Foul Ball, location: 2F
0-2: Ball
1-2: DOUBLE (Groundball, 5L, EV 102.5 MPH)
Larry Berge scores
Batting: LHB Ethan Ware 0-0: Ball
1-0: Ball
2-0: 2-RUN HOME RUN (Flyball, 7LD, EV 101.2 MPH), Distance : 392 ft
Batting: RHB Ed Vilches 0-0: Called Strike
0-1: Ball
1-1: Called Strike
1-2: Ball
2-2: Strikes out swinging
Batting: RHB Tony Valdez 0-0: Called Strike
0-1: Ball
1-1: Ground out 6-3 (Groundball, 6, EV 106.2 MPH)
Batting: RHB David Lucarelli 0-0: Called Strike
0-1: Swinging Strike
0-2: Fly out, F9 (Line Drive, 89M, EV 87.5 MPH)
Bottom of the 1st over - 3 runs, 3 hits, 0 errors, 0 left on base; University of Oklahoma 0 - Florida State University 3
TOP OF THE 2ND
University of Oklahoma Sooners batting - Pitching for Florida State University Seminoles : RHP Danny Sabido
Batting: LHB Alex Gutierrez 0-0: Ball
1-0: Ball
2-0: Foul Ball, location: 2F
2-1: Ball
3-1: Base on Balls
Batting: RHB Ruben Arreola 0-0: Called Strike
0-1: Swinging Strike
0-2: Ball
1-2: Strikes out swinging
Batting: RHB Victor Borras 0-0: Ball
1-0: Ground out 6-3 (Groundball, 6, EV 85.0 MPH)
Alex Gutierrez to second
Batting: RHB Eric Peterson 0-0: Called Strike
0-1: Ball
1-1: Ground out 1-3 (Groundball, 13S, EV 64.4 MPH)
Top of the 2nd over - 0 runs, 0 hits, 0 errors, 1 left on base; University of Oklahoma 0 - Florida State University 3
BOTTOM OF THE 2ND
Florida State University Seminoles batting - Pitching for University of Oklahoma Sooners : RHP Elliot Bolitho
Batting: RHB Butch Huskey 0-0: Ball
1-0: Called Strike
1-1: Ball
2-1: Called Strike
2-2: Ball
3-2: SINGLE (Line Drive, 8RS, EV 103.1 MPH)
Batting: LHB John Doiron 0-0: Ball
1-0: Called Strike
Butch Huskey is caught stealing 2nd base 2-6
1-1: Foul Ball, location: 2F
1-2: Ball
2-2: Ground out U3 (Groundball, 3S, EV 72.5 MPH)
Batting: RHB Jonathan Bruni 0-0: Fly out, F7 (Flyball, 7LM, EV 85.6 MPH)
Bottom of the 2nd over - 0 runs, 1 hit, 0 errors, 0 left on base; University of Oklahoma 0 - Florida State University 3
TOP OF THE 3RD
University of Oklahoma Sooners batting - Pitching for Florida State University Seminoles : RHP Danny Sabido
Batting: RHB Sam Mason 0-0: Ground out 6-3 (Groundball, 6, EV 105.0 MPH)
Batting: RHB Ben Gappa 0-0: Called Strike
0-1: Foul Ball, location: 2F
0-2: Ball
1-2: Strikes out looking
Batting: LHB Alex Benabides 0-0: Ball
1-0: Swinging Strike
1-1: Ball
2-1: Ground out 6-3 (Groundball, 6, EV 105.0 MPH)
Top of the 3rd over - 0 runs, 0 hits, 0 errors, 0 left on base; University of Oklahoma 0 - Florida State University 3
BOTTOM OF THE 3RD
Florida State University Seminoles batting - Pitching for University of Oklahoma Sooners : RHP Elliot Bolitho
Batting: RHB Larry Berge 0-0: Ball
1-0: Foul Ball, location: 2F
1-1: Ball
2-1: Ball
3-1: Base on Balls
Batting: RHB Ray Johnson 0-0: SINGLE (Groundball, 56D, EV 110.6 MPH)
Larry Berge to second
Larry Berge to third
Batting: LHB Ethan Ware 0-0: Ball
Ray Johnson steals 2nd base
1-0: Ball
2-0: Ball
3-0: Base on Balls
Batting: RHB Ed Vilches 0-0: Ball
1-0: Foul Ball, location: 2F
1-1: Called Strike
1-2: Ball
2-2: Grounds into double play, 5-4-3 (Groundball, 56, EV 81.2 MPH)
Larry Berge scores
Ray Johnson to third
Batting: RHB Tony Valdez 0-0: Called Strike
0-1: SINGLE (Groundball, 25, EV 70.0 MPH) (infield hit)
Ray Johnson scores
Batting: RHB David Lucarelli 0-0: Ball
1-0: Ball
2-0: SINGLE (Groundball, 56S, EV 64.4 MPH) (infield hit)
Tony Valdez to second
Pitching: RHP Earl Freeman
Batting: RHB Butch Huskey 0-0: SINGLE (Flyball, 6D, EV 96.2 MPH)
Tony Valdez to third
David Lucarelli to second
Runner from 3rd tries for Home, throw by CF and OUT! 8-2
Bottom of the 3rd over - 2 runs, 4 hits, 0 errors, 2 left on base; University of Oklahoma 0 - Florida State University 5
TOP OF THE 4TH
University of Oklahoma Sooners batting - Pitching for Florida State University Seminoles : RHP Danny Sabido
Batting: RHB Jesus Montoya 0-0: Ball
1-0: Called Strike
1-1: Swinging Strike
1-2: Foul Ball, location: 2F
1-2: Ball
2-2: Fly out, F9 (Flyball, 9, EV 90.0 MPH)
Batting: LHB Cameron Marinelli 0-0: Swinging Strike
0-1: Ball
1-1: Called Strike
1-2: Strikes out swinging
Batting: LHB Alex Gutierrez 0-0: Swinging Strike
0-1: Reached on error, E4 (Groundball, 34, EV 84.4 MPH)
Batting: RHB Ruben Arreola 0-0: Ball
1-0: Ball
2-0: SINGLE (Line Drive, 9LS, EV 102.5 MPH)
Alex Gutierrez to second
Batting: RHB Victor Borras 0-0: Ball
1-0: Called Strike
1-1: Foul Ball, location: 2F
1-2: Foul Ball, location: 2F
1-2: Fly out, F9 (Flyball, 89S, EV 88.8 MPH)
Top of the 4th over - 0 runs, 1 hit, 1 error, 2 left on base; University of Oklahoma 0 - Florida State University 5
BOTTOM OF THE 4TH
Florida State University Seminoles batting - Pitching for University of Oklahoma Sooners : RHP Earl Freeman
Batting: LHB John Doiron 0-0: Ball
1-0: Fly out, F9 (Flyball, 9, EV 95.0 MPH)
Batting: RHB Jonathan Bruni 0-0: Called Strike
0-1: Fly out, F8 (Flyball, 8LD, EV 75.0 MPH)
Batting: RHB Larry Berge 0-0: SINGLE (Groundball, 56S, EV 70.6 MPH) (infield hit)
Batting: RHB Ray Johnson 0-0: Called Strike
0-1: Called Strike
Larry Berge steals 2nd base
0-2: Ball
1-2: Ball
2-2: Fly out, F8 (Flyball, 8RS, EV 93.1 MPH)
Bottom of the 4th over - 0 runs, 1 hit, 0 errors, 1 left on base; University of Oklahoma 0 - Florida State University 5
TOP OF THE 5TH
University of Oklahoma Sooners batting - Pitching for Florida State University Seminoles : RHP Danny Sabido
Batting: RHB Eric Peterson 0-0: Ball
1-0: Fly out, F9 (Flyball, 9, EV 86.9 MPH)
Batting: RHB Sam Mason 0-0: Ball
1-0: Ball
2-0: Called Strike
2-1: Foul Ball, location: 2F
2-2: Foul Ball, location: 2F
2-2: Foul Ball, location: 2F
2-2: Ball
3-2: Base on Balls
Batting: RHB Ben Gappa 0-0: Fielders Choice at 2nd, 6-4 (Groundball, 6S, EV 86.2 MPH)
Batting: LHB Alex Benabides 0-0: Ball
1-0: Foul Ball, location: 2F
1-1: Fielders Choice at 2nd, 6-4 (Groundball, 56, EV 101.9 MPH)
Top of the 5th over - 0 runs, 0 hits, 0 errors, 1 left on base; University of Oklahoma 0 - Florida State University 5
BOTTOM OF THE 5TH
Florida State University Seminoles batting - Pitching for University of Oklahoma Sooners : RHP Earl Freeman
Batting: LHB Ethan Ware 0-0: Swinging Strike
0-1: Swinging Strike
0-2: Ball
1-2: Ball
2-2: Ball
3-2: Ground out 4-3 (Groundball, 34, EV 78.1 MPH)
Batting: RHB Ed Vilches 0-0: Ball
1-0: Ball
2-0: Fly out, F8 (Flyball, 78XD, EV 98.8 MPH)
Batting: RHB Tony Valdez 0-0: Ball
1-0: Fly out, F7 (Flyball, 7S, EV 96.9 MPH)
Bottom of the 5th over - 0 runs, 0 hits, 0 errors, 0 left on base; University of Oklahoma 0 - Florida State University 5
TOP OF THE 6TH
University of Oklahoma Sooners batting - Pitching for Florida State University Seminoles : RHP Danny Sabido
Batting: RHB Jesus Montoya 0-0: Ball
1-0: Foul Ball, location: 2F
1-1: Ball
2-1: Ball
3-1: Foul Ball, location: 2F
3-2: Base on Balls
Batting: LHB Cameron Marinelli 0-0: Called Strike
0-1: Swinging Strike
0-2: Grounds into double play, 4-6-3 (Groundball, 34, EV 100.0 MPH)
Batting: LHB Alex Gutierrez 0-0: Ball
1-0: Ball
2-0: Called Strike
2-1: Ball
3-1: Foul Ball, location: 2F
3-2: Ground out 6-3 (Groundball, 6, EV 85.0 MPH)
Top of the 6th over - 0 runs, 0 hits, 0 errors, 0 left on base; University of Oklahoma 0 - Florida State University 5
BOTTOM OF THE 6TH
Florida State University Seminoles batting - Pitching for University of Oklahoma Sooners : RHP Earl Freeman
Batting: RHB David Lucarelli 0-0: SINGLE (Line Drive, 9S, EV 96.9 MPH)
Batting: RHB Butch Huskey 0-0: Grounds into double play, 4-6-3 (Groundball, 4M, EV 103.8 MPH)
Batting: LHB John Doiron 0-0: Fly out, F8 (Flyball, 78M, EV 91.2 MPH)
Bottom of the 6th over - 0 runs, 1 hit, 0 errors, 0 left on base; University of Oklahoma 0 - Florida State University 5
TOP OF THE 7TH
University of Oklahoma Sooners batting - Pitching for Florida State University Seminoles : RHP Danny Sabido
Batting: RHB Ruben Arreola 0-0: Ball
1-0: Ground out 1-3 (Groundball, 34S, EV 68.8 MPH)
Batting: RHB Victor Borras 0-0: SINGLE (Line Drive, 34, EV 94.4 MPH)
Batting: RHB Eric Peterson 0-0: Ball
Victor Borras steals 2nd base
1-0: Ball
2-0: Ball
3-0: Called Strike
3-1: Swinging Strike
3-2: Fly out, F9 (Flyball, 9LS, EV 93.1 MPH)
Batting: RHB Sam Mason 0-0: Ball
1-0: Ball
2-0: Foul Ball, location: 2F
2-1: Ground out 6-3 (Groundball, 6M, EV 76.9 MPH)
Top of the 7th over - 0 runs, 1 hit, 0 errors, 1 left on base; University of Oklahoma 0 - Florida State University 5
BOTTOM OF THE 7TH
Florida State University Seminoles batting - Pitching for University of Oklahoma Sooners : RHP Earl Freeman
Batting: RHB Jonathan Bruni 0-0: Ball
1-0: Ball
2-0: Foul Ball, location: 2F
2-1: Ground out 4-3 (Groundball, 4, EV 98.8 MPH)
Pitching: RHP Andy Cane
Batting: RHB Larry Berge 0-0: Ball
1-0: Foul Ball, location: 2F
1-1: Called Strike
1-2: Ball
2-2: Ball
3-2: Strikes out swinging
Batting: RHB Ray Johnson 0-0: Ball
1-0: Called Strike
1-1: Called Strike
1-2: Strikes out swinging
Bottom of the 7th over - 0 runs, 0 hits, 0 errors, 0 left on base; University of Oklahoma 0 - Florida State University 5
TOP OF THE 8TH
University of Oklahoma Sooners batting - Pitching for Florida State University Seminoles : RHP Danny Sabido
Batting: RHB Ben Gappa 0-0: Ball
1-0: Ball
2-0: Ball
3-0: Called Strike
3-1: Swinging Strike
3-2: Strikes out swinging
Batting: LHB Alex Benabides 0-0: SINGLE (Groundball, 3D, EV 111.2 MPH)
Batting: RHB Jesus Montoya 0-0: Foul Ball, location: 2F
0-1: Ball
1-1: Ball
2-1: Called Strike
2-2: Ground out 5-3 (Groundball, 56S, EV 68.1 MPH)
Alex Benabides to second
Batting: LHB Cameron Marinelli 0-0: Foul Ball, location: 2F
0-1: SINGLE (Line Drive, 89S, EV 96.2 MPH)
Alex Benabides to third
Runner from 3rd tries for Home, SAFE, throw by CF to home
Batting: LHB Alex Gutierrez 0-0: Ball
1-0: 2-RUN HOME RUN (Flyball, 9D, EV 96.2 MPH), Distance : 381 ft
Batting: RHB Ruben Arreola 0-0: Swinging Strike
0-1: Ball
1-1: Ball
2-1: SINGLE (Line Drive, 9S, EV 104.4 MPH)
Pitching: LHP Angel Villatoro
Batting: RHB Victor Borras 0-0: Ball
1-0: Called Strike
1-1: Swinging Strike
1-2: Strikes out swinging
Top of the 8th over - 3 runs, 4 hits, 0 errors, 1 left on base; University of Oklahoma 3 - Florida State University 5
BOTTOM OF THE 8TH
Florida State University Seminoles batting - Pitching for University of Oklahoma Sooners : RHP Andy Cane
Now in LF: Paul Mooris
Batting: LHB Ethan Ware 0-0: Called Strike
0-1: Called Strike
0-2: Ball
1-2: Foul Ball, location: 2F
1-2: SINGLE (Groundball, 4MD, EV 105.6 MPH)
Batting: RHB Ed Vilches 0-0: Ball
Ethan Ware is caught stealing 2nd base 2-4
1-0: Ball
2-0: Ground out 6-3 (Groundball, 6, EV 106.2 MPH)
Batting: RHB Tony Valdez 0-0: Ball
1-0: Ground out 3-1 (Groundball, 34, EV 100.0 MPH)
Bottom of the 8th over - 0 runs, 1 hit, 0 errors, 0 left on base; University of Oklahoma 3 - Florida State University 5
TOP OF THE 9TH
University of Oklahoma Sooners batting - Pitching for Florida State University Seminoles : LHP Angel Villatoro
Batting: RHB Eric Peterson 0-0: Ball
1-0: Called Strike
1-1: Swinging Strike
1-2: SINGLE (Groundball, 56D, EV 95.0 MPH)
Batting: RHB Sam Mason 0-0: Ball
1-0: Ball
2-0: Foul Ball, location: 2F
2-1: Called Strike
2-2: Ball
3-2: Foul Ball, location: 2F
3-2: Strikes out swinging
Pinch Hitting: RHB Sugiarto Kartosuwiryo 0-0: Ball
Wild Pitch!
Eric Peterson to second
1-0: Swinging Strike
1-1: Foul Ball, location: 2F
1-2: Strikes out swinging
Batting: LHB Paul Mooris 0-0: Called Strike
0-1: Ball
Wild Pitch!
Eric Peterson to third
1-1: Swinging Strike
1-2: Foul Ball, location: 2F
1-2: Strikes out swinging
Top of the 9th over - 0 runs, 1 hit, 0 errors, 1 left on base; University of Oklahoma 3 - Florida State University 5
Tuesday, March 28th , 2023 - OOTP Baseball 23.10 Build 110